[Event "ESP-chT 2nd Division 2019"]
[Site "Linares"]
[Date "2019.08.21"]
[Round "4.38"]
[White "Sanchez Dengra, Jose Maria"]
[Black "Sanchez Jerez, Emilio Miguel"]
[Result "0-1"]
[ECO "B32"]
[WhiteElo "2216"]
[BlackElo "2141"]
[Annotator "NA"]
[PlyCount "68"]
[EventDate "2019.08.19"]
[EventType "team-tourn"]
[EventCountry "ESP"]
[SourceTitle "playchess.com"]
[Source "ChessBase"]
[SourceQuality "1"]
[TimeControl "5400+30"]

1. e4 c5 2. Nf3 Nc6 3. d4 cxd4 4. Nxd4 e5 5. Nb5 a6 6. Nd6+ Bxd6 7. Qxd6 Qe7 8. Qd2 Nf6 9. Nc3 O-O 10. a4 d6 11. b3 Nd4 12. Bd3 Be6 13. O-O b5 14. Ne2 Nxe2+ 15. Qxe2 b4 16. Bxa6 Nxe4 17. Qxe4 Rxa6 18. Qxb4 Qc7 19. Qd2 d5 20. Ba3 Rc8 21. Rfc1 d4 22. Rab1 h5 23. Bb4 Rc6 24. Rb2 Bf5 25. Ba5 Qd7 26. b4 Rg6 27. f3 e4 28. fxe4 Bxe4 29. g3 Rc3 30. Rb3 Rxb3 31. cxb3 Bb7 32. Rc7 Qd5 33. Rxb7 Qxb7 34. Qxd4 Qf3 0-1

[Event "ESP-chT 2nd Division 2019"]
[Site "Linares"]
[Date "2019.08.21"]
[Round "4.39"]
[White "Escudero Manzano, Sergio"]
[Black "Aledo Yanguas, Javier"]
[Result "1/2-1/2"]
[ECO "B17"]
[WhiteElo "2190"]
[BlackElo "2023"]
[Annotator "NA"]
[PlyCount "101"]
[EventDate "2019.08.19"]
[EventType "team-tourn"]
[EventCountry "ESP"]
[SourceTitle "playchess.com"]
[Source "ChessBase"]
[SourceQuality "1"]
[TimeControl "5400+30"]

1. e4 c6 2. d4 d5 3. Nc3 dxe4 4. Nxe4 Nd7 5. Ng5 Ngf6 6. Bd3 e6 7. N1f3 h6 8. Ne4 Nxe4 9. Bxe4 Nf6 10. Bd3 Qc7 11. Qe2 b6 12. Bd2 Bb7 13. O-O-O O-O-O 14. Kb1 Kb8 15. Rhe1 Nd5 16. g3 c5 17. c4 Nf6 18. dxc5 Bxc5 19. Bc3 Rhe8 20. Ne5 Bd4 21. Qc2 Bxc3 22. Qxc3 Re7 23. f4 Nd7 24. Be4 Bxe4+ 25. Rxe4 Nxe5 26. Rxd8+ Qxd8 27. Qxe5+ Kb7 28. Kc2 Rd7 29. Re2 g6 30. Qc3 Rd4 31. Re5 Qd7 32. b3 Kb8 33. c5 Kb7 34. a4 Rd5 35. cxb6 axb6 36. Re4 Rc5 37. Rc4 Rxc4 38. Qxc4 Qe7 39. Qe4+ Ka7 40. Qd4 Qc7+ 41. Kd2 Kb7 42. h3 Qc6 43. Kd3 Qf3+ 44. Kc4 Kc6 45. Qd3 Qf2 46. Qe4+ Kc7 47. Qe5+ Kc6 48. Qb5+ Kc7 49. Qe5+ Kc6 50. Qe4+ Kc7 51. Qe5+ 1/2-1/2

[Event "ESP-chT 2nd Division 2019"]
[Site "Linares"]
[Date "2019.08.21"]
[Round "4.40"]
[White "Sanchez Dengra, Barbara"]
[Black "Gil Quilez, Sonia"]
[Result "1/2-1/2"]
[ECO "B32"]
[WhiteElo "1983"]
[BlackElo "2102"]
[Annotator "NA"]
[PlyCount "132"]
[EventDate "2019.08.19"]
[EventType "team-tourn"]
[EventCountry "ESP"]
[SourceTitle "playchess.com"]
[Source "ChessBase"]
[SourceQuality "1"]
[TimeControl "5400+30"]

1. e4 c5 2. Nf3 Nc6 3. d4 cxd4 4. Nxd4 e5 5. Nb5 a6 6. Nd6+ Bxd6 7. Qxd6 Qe7 8. Qxe7+ Ngxe7 9. Nc3 d5 10. exd5 Nb4 11. Bd3 Nxd3+ 12. cxd3 Bf5 13. O-O O-O 14. Re1 Ng6 15. Be3 Rfd8 16. Bb6 Rd7 17. d4 f6 18. dxe5 Nxe5 19. d6 Nd3 20. Re7 Rxd6 21. Rxb7 Bc8 22. Ra7 Rxa7 23. Bxa7 Nxb2 24. Re1 Kf7 25. h4 Bf5 26. Ne4 Rd7 27. Bb8 Nd3 28. Re3 Bxe4 29. Rxe4 Rb7 30. Bd6 Rb1+ 31. Kh2 Nxf2 32. Re7+ Kg6 33. Kg3 Nd3 34. Ra7 Rb6 35. Bf8 h5 36. Rxg7+ Kf5 37. Rd7 Nf4 38. Bh6 Ng6 39. Rd5+ Ne5 40. Bf4 Rc6 41. Bxe5 fxe5 42. Ra5 Ke4 43. Ra4+ Ke3 44. Ra5 Rg6+ 45. Kh3 Kf4 46. Kh2 e4 47. Rxh5 e3 48. Kg1 Rc6 49. Kf1 Rc1+ 50. Ke2 Rc2+ 51. Ke1 Rxa2 52. Rh8 Rxg2 53. Rf8+ Ke4 54. Re8+ Kd4 55. Rd8+ Kc3 56. Rc8+ Kb4 57. Re8 Rh2 58. Re4+ Kc5 59. Kd1 a5 60. Rxe3 Rxh4 61. Kc1 Kc4 62. Kb1 a4 63. Rg3 Rd4 64. Ka2 Kb4 65. Rh3 a3 66. Rg3 Rd2+ 1/2-1/2

[Event "ESP-chT 2nd Division 2019"]
[Site "Linares"]
[Date "2019.08.22"]
[Round "5.2"]
[White "Del Rio De Angelis, Salvador G."]
[Black "Reinaldo Castineira, Roi"]
[Result "1/2-1/2"]
[ECO "D31"]
[WhiteElo "2472"]
[BlackElo "2467"]
[Annotator "ChessBase"]
[PlyCount "68"]
[EventDate "2019.08.19"]
[EventType "team-tourn"]
[EventCountry "ESP"]
[SourceTitle "playchess.com"]
[Source "ChessBase"]
[SourceQuality "1"]
[TimeControl "5400+30"]

1. d4 e6 2. c4 d5 3. Nc3 a6 4. cxd5 exd5 5. Bf4 Nf6 6. e3 Bd6 7. Bg5 Be6 8. Bd3 Nbd7 9. Nf3 h6 10. Bh4 c5 11. dxc5 Nxc5 12. Be2 Rc8 13. O-O g5 14. Bg3 Bxg3 15. hxg3 Nce4 16. Nxe4 dxe4 17. Qxd8+ Kxd8 18. Nd4 Ke7 19. a3 Rc5 20. Rfc1 Rhc8 21. Rxc5 Rxc5 22. Kf1 h5 23. Ke1 h4 24. gxh4 gxh4 25. Kd2 Rg5 26. Rh1 Rxg2 27. Ke1 Ng4 28. Rxh4 Rg1+ 29. Bf1 Ne5 30. Rxe4 Nd3+ 31. Ke2 Nc1+ 32. Ke1 Nd3+ 33. Ke2 Nc1+ 34. Ke1 Nd3+ 1/2-1/2

[Event "ESP-chT 2nd Division 2019"]
[Site "Linares"]
[Date "2019.08.22"]
[Round "5.3"]
[White "Laiz Ibanez, Hector"]
[Black "Iruzubieta Villaluenga, Jesus M"]
[Result "1/2-1/2"]
[ECO "C78"]
[WhiteElo "2274"]
[BlackElo "2438"]
[Annotator "NA"]
[PlyCount "91"]
[EventDate "2019.08.19"]
[EventType "team-tourn"]
[EventCountry "ESP"]
[SourceTitle "playchess.com"]
[Source "ChessBase"]
[SourceQuality "1"]
[TimeControl "5400+30"]

1. e4 e5 2. Nf3 Nc6 3. Bb5 a6 4. Ba4 Nf6 5. O-O b5 6. Bb3 Bb7 7. d3 Bd6 8. c3 O-O 9. a4 h6 10. Nh4 Nxe4 11. Ng6 Nc5 12. Nxf8 Nxb3 13. Qxb3 Na5 14. Qd1 Bxf8 15. b4 Nc6 16. axb5 axb5 17. Rxa8 Qxa8 18. Na3 Ne7 19. f3 Bc6 20. Qe1 f6 21. Nc2 Ng6 22. Be3 Qa2 23. Qe2 Qf7 24. Rd1 Bd5 25. Na3 c6 26. c4 Be6 27. cxb5 cxb5 28. Rb1 Ba2 29. Rb2 Bb3 30. Qd2 Ba4 31. d4 Bd6 32. dxe5 Bxe5 33. Rb1 Qe6 34. f4 Bc7 35. Rc1 Bb6 36. Bxb6 Qxb6+ 37. Kh1 Qe6 38. h3 Qe4 39. Re1 Qf5 40. Re8+ Kh7 41. Rd8 Nxf4 42. Rxd7 Nxh3 43. gxh3 Qxh3+ 44. Kg1 Qxa3 45. Rxg7+ Kxg7 46. Qd7+ 1/2-1/2

[Event "ESP-chT 2nd Division 2019"]
[Site "Linares"]
[Date "2019.08.22"]
[Round "5.4"]
[White "Trigo Urquijo, Sergio"]
[Black "Abal Cores, Lucas"]
[Result "0-1"]
[ECO "A80"]
[WhiteElo "2385"]
[BlackElo "2290"]
[Annotator "NA"]
[PlyCount "80"]
[EventDate "2019.08.19"]
[EventType "team-tourn"]
[EventCountry "ESP"]
[SourceTitle "playchess.com"]
[Source "ChessBase"]
[SourceQuality "1"]
[TimeControl "5400+30"]

1. d4 f5 2. Nc3 Nf6 3. Bg5 d5 4. Bxf6 exf6 5. e3 Be6 6. Qf3 Qd7 7. Bd3 Nc6 8. a3 O-O-O 9. Nge2 g6 10. Nf4 Bf7 11. h3 h5 12. h4 Ne7 13. Bb5 Qd6 14. Nd3 Bg7 15. Ba4 a6 16. b4 g5 17. g3 Bg6 18. Kd2 Kb8 19. Bb3 Rhe8 20. Qg2 f4 21. gxf4 Bxd3 22. cxd3 g4 23. Ne2 f5 24. Ba4 b5 25. Bb3 Bf6 26. Ng3 Bxd4 27. exd4 Qxf4+ 28. Kc2 Nc6 29. Rad1 Nxd4+ 30. Kb2 Ne2 31. Rhe1 Qd4+ 32. Kb1 Nc3+ 33. Kc2 Nxd1 34. Rxd1 f4 35. Nf1 Re2+ 36. Rd2 f3 37. Qh1 Rd6 38. Rxe2 Rc6+ 39. Kb1 fxe2 40. Ne3 Qxd3+ 0-1

[Event "ESP-chT 2nd Division 2019"]
[Site "Linares"]
[Date "2019.08.22"]
[Round "5.5"]
[White "Dorado Meijide, Andrea"]
[Black "Sosa Suarez, Carla Cristina"]
[Result "0-1"]
[ECO "C03"]
[WhiteElo "1762"]
[BlackElo "2135"]
[Annotator "NA"]
[PlyCount "66"]
[EventDate "2019.08.19"]
[EventType "team-tourn"]
[EventCountry "ESP"]
[SourceTitle "playchess.com"]
[Source "ChessBase"]
[SourceQuality "1"]
[TimeControl "5400+30"]

1. e4 e6 2. d4 d5 3. Nd2 Be7 4. Ngf3 Nf6 5. e5 Nfd7 6. Bd3 c5 7. c3 Nc6 8. O-O g5 9. dxc5 g4 10. Nd4 Ndxe5 11. Bb5 Bd7 12. Qe2 Qc7 13. b4 Ng6 14. N2b3 e5 15. Nc2 f5 16. Rd1 a6 17. Ba4 O-O 18. Bh6 f4 19. Rxd5 Be6 20. Bxc6 Qxc6 21. Rxe5 Nxe5 22. Qxe5 Bf6 23. Qxf4 Rf7 24. Rd1 Bh4 25. Qe5 Bxb3 26. Qh5 Bxc2 27. Rd6 Qe4 28. Be3 Ba4 29. h3 gxh3 30. gxh3 Rg7+ 31. Kf1 Qb1+ 32. Ke2 Qc2+ 33. Bd2 Qd1+ 0-1

[Event "ESP-chT 2nd Division 2019"]
[Site "Linares"]
[Date "2019.08.22"]
[Round "5.6"]
[White "Gamundi Salamanca, Antonio"]
[Black "Rios, Cristhian Camilo"]
[Result "0-1"]
[ECO "A45"]
[WhiteElo "2444"]
[BlackElo "2530"]
[Annotator "ChessBase"]
[PlyCount "80"]
[EventDate "2019.08.19"]
[EventType "team-tourn"]
[EventCountry "ESP"]
[SourceTitle "playchess.com"]
[Source "ChessBase"]
[SourceQuality "1"]
[TimeControl "5400+30"]

1. d4 Nf6 2. Bg5 e6 3. Nd2 h6 4. Bh4 d6 5. e3 Nbd7 6. Ngf3 g5 7. Bg3 Nh5 8. Bd3 Bg7 9. c3 Qe7 10. Qc2 b6 11. Be4 d5 12. Bd3 Nxg3 13. hxg3 Bb7 14. O-O-O c5 15. Kb1 c4 16. Be2 b5 17. e4 dxe4 18. Nxe4 f5 19. Ned2 O-O 20. Rde1 Rac8 21. Ka1 Bd5 22. Bf1 b4 23. Nb1 b3 24. Qc1 bxa2 25. Na3 Rc6 26. Nd2 Nb6 27. Nc2 a5 28. Ne3 Qb7 29. Nxd5 exd5 30. Be2 a4 31. Bh5 Qa7 32. Re3 a3 33. Rhe1 axb2+ 34. Qxb2 Na4 35. Qa3 Bxd4 36. Qxf8+ Kxf8 37. Re8+ Kg7 38. R8e7+ Kf6 39. Rxa7 Bxa7 40. Be8 Ra6 0-1

[Event "ESP-chT 2nd Division 2019"]
[Site "Linares"]
[Date "2019.08.22"]
[Round "5.7"]
[White "Sosa, Tomas"]
[Black "Perez Garcia, Alejandro"]
[Result "1-0"]
[ECO "A01"]
[WhiteElo "2508"]
[BlackElo "2347"]
[Annotator "ChessBase"]
[PlyCount "81"]
[EventDate "2019.08.19"]
[EventType "team-tourn"]
[EventCountry "ESP"]
[SourceTitle "playchess.com"]
[Source "ChessBase"]
[SourceQuality "1"]
[TimeControl "5400+30"]

1. b3 d5 2. Bb2 Nf6 3. g3 Bf5 4. Bg2 e6 5. d3 h6 6. Nd2 Bh7 7. e4 Bb4 8. c3 Be7 9. Qe2 O-O 10. Nh3 Nbd7 11. f4 a5 12. a3 c6 13. Nf2 Qb6 14. O-O Nc5 15. c4 dxe4 16. dxe4 Rfd8 17. Bxf6 Bxf6 18. e5 Be7 19. Qe3 Na4 20. Qxb6 Nxb6 21. Nde4 a4 22. c5 Nd5 23. b4 Ne3 24. Rfc1 Nxg2 25. Kxg2 Bxe4+ 26. Nxe4 Rd3 27. Rd1 Rad8 28. Nf2 Rb3 29. Rxd8+ Bxd8 30. Rd1 Be7 31. Rd7 Kf8 32. Ne4 Rxa3 33. Rxb7 Ke8 34. Ra7 Re3 35. Nd6+ Bxd6 36. exd6 a3 37. b5 cxb5 38. c6 f6 39. Ra8+ Kf7 40. c7 Rc3 41. d7 1-0

[Event "ESP-chT 2nd Division 2019"]
[Site "Linares"]
[Date "2019.08.22"]
[Round "5.8"]
[White "Gavilan Diaz, Mario"]
[Black "Garriga Cazorla, Pere"]
[Result "0-1"]
[ECO "B30"]
[WhiteElo "2318"]
[BlackElo "2495"]
[Annotator "ChessBase"]
[PlyCount "102"]
[EventDate "2019.08.19"]
[EventType "team-tourn"]
[EventCountry "ESP"]
[SourceTitle "playchess.com"]
[Source "ChessBase"]
[SourceQuality "1"]
[TimeControl "5400+30"]

1. e4 c5 2. Nf3 Nc6 3. Nc3 Nf6 4. d4 cxd4 5. Nxd4 Qb6 6. Nb3 e6 7. Bd3 a6 8. O-O Qc7 9. f4 d6 10. Qe1 b5 11. a3 Be7 12. Qg3 h5 13. Kh1 h4 14. Qh3 b4 15. axb4 Nxb4 16. e5 Nxd3 17. cxd3 Nd5 18. Na5 O-O 19. Ne4 dxe5 20. fxe5 Qxe5 21. Nc6 Qh5 22. g4 Qh7 23. Nxe7+ Nxe7 24. Ng5 Qg6 25. Bd2 f6 26. Ne4 Bb7 27. Kg1 Nf5 28. Qg2 Nd4 29. Nxf6+ Rxf6 30. Rxf6 Qxf6 31. Qxb7 Rf8 32. Bc3 h3 33. Bxd4 Qxd4+ 34. Kh1 Qxd3 35. Kg1 Qd4+ 36. Kh1 Qxg4 37. Rg1 Qf3+ 38. Qxf3 Rxf3 39. Ra1 Rf2 40. b4 Kf7 41. Kg1 Rg2+ 42. Kh1 Rb2 43. Kg1 Rxb4 44. Rxa6 Rg4+ 45. Kh1 Rf4 46. Kg1 g5 47. Rb6 Kf6 48. Ra6 Kf5 49. Rb6 e5 50. Rb5 g4 51. Ra5 Rb4 0-1

[Event "ESP-chT 2nd Division 2019"]
[Site "Linares"]
[Date "2019.08.22"]
[Round "5.9"]
[White "Fernandez Diaz, Cristian"]
[Black "Perera Borrego, Maria Adela"]
[Result "1/2-1/2"]
[ECO "E32"]
[WhiteElo "2303"]
[BlackElo "2186"]
[Annotator "NA"]
[PlyCount "70"]
[EventDate "2019.08.19"]
[EventType "team-tourn"]
[EventCountry "ESP"]
[SourceTitle "playchess.com"]
[Source "ChessBase"]
[SourceQuality "1"]
[TimeControl "5400+30"]

1. d4 Nf6 2. c4 e6 3. Nc3 Bb4 4. Qc2 O-O 5. Nf3 d6 6. Bd2 c5 7. a3 Ba5 8. e3 Nc6 9. Bd3 h6 10. O-O Re8 11. Rad1 Qe7 12. h3 Bd7 13. d5 Nb8 14. e4 e5 15. Be2 Nh5 16. Ne1 Nf4 17. Bxf4 exf4 18. Bf3 Qg5 19. Kh2 f5 20. exf5 Bxc3 21. Qxc3 Bxf5 22. Rc1 Nd7 23. Bd1 Qf6 24. Qd2 g5 25. Ba4 Re7 26. Bxd7 Rxd7 27. g3 Rg7 28. Ng2 Qg6 29. g4 Bd7 30. f3 h5 31. Kg1 hxg4 32. hxg4 Qh6 33. Rfe1 Rh7 34. Qd3 Rf8 35. Kf2 Qf6 1/2-1/2

[Event "ESP-chT 2nd Division 2019"]
[Site "Linares"]
[Date "2019.08.22"]
[Round "5.10"]
[White "Terron Elena, Francisco M."]
[Black "Marti Puig, Patricia"]
[Result "1-0"]
[ECO "D35"]
[WhiteElo "2167"]
[BlackElo "1683"]
[Annotator "NA"]
[PlyCount "49"]
[EventDate "2019.08.19"]
[EventType "team-tourn"]
[EventCountry "ESP"]
[SourceTitle "playchess.com"]
[Source "ChessBase"]
[SourceQuality "1"]
[TimeControl "5400+30"]

1. d4 e6 2. c4 Nf6 3. Nc3 d5 4. cxd5 exd5 5. Bg5 Nbd7 6. e3 c6 7. Bd3 Be7 8. Qc2 Nf8 9. Nge2 Qc7 10. Bxf6 Bxf6 11. Nxd5 Qa5+ 12. Ndc3 Ng6 13. O-O Be6 14. f4 Ne7 15. b4 Qh5 16. Ng3 Qh6 17. Nge4 Nf5 18. Rae1 O-O-O 19. Nxf6 Qxf6 20. d5 Nxe3 21. Rxe3 Qd4 22. Qf2 Bxd5 23. Nxd5 Rxd5 24. Be4 Rb5 25. Bf5+ 1-0

[Event "ESP-chT 2nd Division 2019"]
[Site "Linares"]
[Date "2019.08.22"]
[Round "5.11"]
[White "Moreno Trujillo, Alejandro"]
[Black "Sanchez Saez, Francisco"]
[Result "0-1"]
[ECO "E90"]
[WhiteElo "2519"]
[BlackElo "2359"]
[Annotator "ChessBase"]
[PlyCount "78"]
[EventDate "2019.08.19"]
[EventType "team-tourn"]
[EventCountry "ESP"]
[SourceTitle "playchess.com"]
[Source "ChessBase"]
[SourceQuality "1"]
[TimeControl "5400+30"]

1. d4 Nf6 2. c4 g6 3. Nc3 Bg7 4. e4 d6 5. Nf3 O-O 6. h3 e5 7. d5 Nh5 8. g3 f5 9. Bg2 f4 10. g4 Nf6 11. Bf1 a5 12. b3 Na6 13. Ba3 Nd7 14. Na4 Nb4 15. Bb2 Na6 16. a3 Ndc5 17. Nxc5 Nxc5 18. Qc2 c6 19. Bc3 Qb6 20. Rb1 cxd5 21. cxd5 Bd7 22. Nd2 Qc7 23. a4 Rfc8 24. Bc4 f3 25. Rg1 Rf8 26. Rg3 Kh8 27. Qd1 Rf4 28. Rxf3 Raf8 29. Rxf4 Rxf4 30. f3 Rf8 31. Qe2 Bh6 32. Nf1 Qb6 33. Rb2 Bf4 34. Kd1 Rc8 35. Nd2 Nxa4 36. bxa4 Bxa4+ 37. Ke1 Qg1+ 38. Qf1 Qe3+ 39. Be2 Bg3+ 0-1

[Event "ESP-chT 2nd Division 2019"]
[Site "Linares"]
[Date "2019.08.22"]
[Round "5.12"]
[White "Galiana Fernandez, Adrian"]
[Black "Nayhebaver, Martin"]
[Result "1/2-1/2"]
[ECO "A18"]
[WhiteElo "2295"]
[BlackElo "2469"]
[Annotator "ChessBase"]
[PlyCount "107"]
[EventDate "2019.08.19"]
[EventType "team-tourn"]
[EventCountry "ESP"]
[SourceTitle "playchess.com"]
[Source "ChessBase"]
[SourceQuality "1"]
[TimeControl "5400+30"]

1. c4 e6 2. Nc3 Nf6 3. e4 d5 4. e5 d4 5. exf6 dxc3 6. bxc3 Qxf6 7. d4 b6 8. Be2 Bb7 9. Bf3 Bxf3 10. Nxf3 Bd6 11. Qa4+ c6 12. O-O O-O 13. Bg5 Qf5 14. Rfe1 Rc8 15. Rad1 Nd7 16. h3 Rc7 17. Bh4 c5 18. d5 e5 19. Nd2 Nf6 20. Bxf6 Qxf6 21. Ne4 Qg6 22. f4 exf4 23. Nxd6 Qxd6 24. Re8+ Rxe8 25. Qxe8+ Qf8 26. d6 Rc8 27. Qe4 Rd8 28. d7 f6 29. Qxf4 Qe7 30. Qc7 Kf7 31. Kf2 a5 32. Rd6 f5 33. Rd5 g6 34. a4 Qf6 35. Rd6 Qe7 36. Qc6 f4 37. Qd5+ Kg7 38. Re6 Qxd7 39. Qe5+ Kg8 40. Rxb6 Qd2+ 41. Kg1 Qe3+ 42. Qxe3 fxe3 43. Kf1 Rd3 44. Rb5 Rxc3 45. Rxc5 Rc2 46. Rxa5 Rxc4 47. Ke2 Rc3 48. Ra7 Ra3 49. a5 h5 50. h4 Kf8 51. a6 Kg8 52. Kf3 Kf8 53. Ke2 Kg8 54. Kf3 1/2-1/2

[Event "ESP-chT 2nd Division 2019"]
[Site "Linares"]
[Date "2019.08.22"]
[Round "5.13"]
[White "Khamrakulov, Ibragim S."]
[Black "Sanchez Dengra, Jose Maria"]
[Result "0-1"]
[ECO "B22"]
[WhiteElo "2429"]
[BlackElo "2216"]
[Annotator "ChessBase"]
[PlyCount "138"]
[EventDate "2019.08.19"]
[EventType "team-tourn"]
[EventCountry "ESP"]
[SourceTitle "playchess.com"]
[Source "ChessBase"]
[SourceQuality "1"]
[TimeControl "5400+30"]

1. e4 c5 2. c3 Nf6 3. e5 Nd5 4. Nf3 Qc7 5. Bc4 Nb6 6. Bb3 c4 7. Bc2 Nc6 8. Qe2 g5 9. h3 Bg7 10. O-O Nxe5 11. Nxg5 d5 12. a4 Bd7 13. a5 Nc8 14. f4 Nd3 15. Bxd3 cxd3 16. Qxd3 h6 17. Nf3 Qxf4 18. Qxd5 Bc6 19. d4 Qg3 20. Qf5 Rg8 21. Rf2 Nd6 22. Qf4 Qg6 23. Nbd2 h5 24. Nh4 Qe6 25. Nf5 Nxf5 26. Qxf5 Bxd4 27. cxd4 Rxg2+ 28. Kf1 Rxf2+ 29. Qxf2 Qxh3+ 30. Ke1 Rd8 31. Nf1 Bb5 32. Ra3 Qg4 33. Rg3 Qe4+ 34. Ne3 Rxd4 35. Rg8+ Kd7 36. Qxf7 Qh1+ 37. Kf2 Qh4+ 38. Kg2 Bc6+ 39. Kg1 Qh1+ 40. Kf2 Qh4+ 41. Ke2 Bb5+ 42. Kf3 Rf4+ 43. Qxf4 Bc6+ 44. Nd5 Bxd5+ 45. Ke3 Qxf4+ 46. Kxf4 Bxg8 47. Be3 a6 48. b4 Be6 49. Bf2 Bg4 50. Ke5 Kc6 51. Bh4 e6 52. Be7 Kb5 53. Kd4 Ka4 54. Kc3 e5 55. Kc4 Bf3 56. Kc3 Kb5 57. Bd6 e4 58. Kd4 h4 59. Be7 h3 60. Bd6 Bg2 61. Ke3 Kc4 62. Ke2 Bh1 63. Ke3 Bf3 64. Kd2 Kd4 65. Bf4 Bg4 66. Bd6 e3+ 67. Ke1 Ke4 68. Kf1 Kf3 69. Ke1 Kg2 0-1

[Event "ESP-chT 2nd Division 2019"]
[Site "Linares"]
[Date "2019.08.22"]
[Round "5.14"]
[White "Aledo Yanguas, Javier"]
[Black "Soham Das"]
[Result "0-1"]
[ECO "B22"]
[WhiteElo "2023"]
[BlackElo "2339"]
[Annotator "NA"]
[PlyCount "99"]
[EventDate "2019.08.19"]
[EventType "team-tourn"]
[EventCountry "ESP"]
[SourceTitle "playchess.com"]
[Source "ChessBase"]
[SourceQuality "1"]
[TimeControl "5400+30"]

1. e4 c5 2. c3 d5 3. exd5 Nf6 4. d4 Nxd5 5. dxc5 e6 6. b4 a5 7. Qb3 Nc6 8. Bb5 axb4 9. cxb4 Bd7 10. Bxc6 Bxc6 11. Ne2 Ba4 12. Qc4 Ne3 13. fxe3 Qd1+ 14. Kf2 Qxh1 15. b5 Qxh2 16. Nbc3 Bc2 17. b6 Be7 18. Nb5 Qh4+ 19. Qxh4 Bxh4+ 20. g3 Bf6 21. Nd6+ Kd7 22. Nd4 Bb3 23. Nxb7 Bd5 24. Nd6 Be5 25. N6b5 Ra4 26. Bd2 Rc8 27. Nc3 Rxd4 28. exd4 Bxd4+ 29. Ke1 Rxc5 30. Rc1 Bc6 31. Ke2 Re5+ 32. Kd3 Bxb6 33. Bf4 Rf5 34. Rd1 g5 35. Bc1 h5 36. Be3 Bc7 37. Ke2+ Kc8 38. Rg1 Be5 39. Nb1 h4 40. g4 Rf3 41. Bxg5 Rh3 42. Nd2 Rh2+ 43. Ke3 f6 44. Bh6 h3 45. Nf3 Rc2 46. Nxe5 h2 47. Rf1 fxe5 48. Rf8+ Kd7 49. Rf7+ Ke8 50. Rf6 0-1

[Event "ESP-chT 2nd Division 2019"]
[Site "Linares"]
[Date "2019.08.22"]
[Round "5.15"]
[White "Calzetta Ruiz, Monica"]
[Black "Sanchez Dengra, Barbara"]
[Result "1-0"]
[ECO "B12"]
[WhiteElo "2257"]
[BlackElo "1983"]
[Annotator "NA"]
[PlyCount "45"]
[EventDate "2019.08.19"]
[EventType "team-tourn"]
[EventCountry "ESP"]
[SourceTitle "playchess.com"]
[Source "ChessBase"]
[SourceQuality "1"]
[TimeControl "5400+30"]

1. e4 c6 2. d4 d5 3. e5 c5 4. dxc5 Nc6 5. Nf3 Bg4 6. c3 e6 7. Be3 Bxf3 8. Qxf3 Nxe5 9. Bb5+ Nc6 10. O-O Nf6 11. c4 a6 12. Ba4 Qa5 13. Nc3 O-O-O 14. cxd5 Ne5 15. Qg3 Nxd5 16. Qxe5 Nxc3 17. bxc3 Qxa4 18. Bf4 Qc6 19. Qb8+ Kd7 20. Rad1+ Bd6 21. Rxd6+ Ke7 22. Rxc6 Rxb8 23. Rb6 1-0

[Event "ESP-chT 2nd Division 2019"]
[Site "Linares"]
[Date "2019.08.22"]
[Round "5.16"]
[White "Lopez Mulet, Inigo"]
[Black "Cruz Lledo, Pablo"]
[Result "1-0"]
[ECO "E05"]
[WhiteElo "2397"]
[BlackElo "2445"]
[Annotator "NA"]
[PlyCount "111"]
[EventDate "2019.08.19"]
[EventType "team-tourn"]
[EventCountry "ESP"]
[SourceTitle "playchess.com"]
[Source "ChessBase"]
[SourceQuality "1"]
[TimeControl "5400+30"]

1. d4 d5 2. c4 e6 3. Nf3 Nf6 4. g3 dxc4 5. Bg2 Be7 6. O-O O-O 7. Qc2 a6 8. Qxc4 b5 9. Qc2 Bb7 10. Bd2 Be4 11. Qc1 Bb7 12. Rd1 Nbd7 13. Ba5 Nb6 14. Nbd2 Rc8 15. b4 Bd6 16. Qc2 Qe7 17. a3 Nfd7 18. Rac1 f5 19. e3 Rce8 20. Ne1 Bxg2 21. Kxg2 e5 22. dxe5 Nxe5 23. Nd3 Nec4 24. Bxb6 Nxb6 25. Qc6 Rd8 26. Qb7 Qf7 27. Nf3 Rb8 28. Qxa6 Qe8 29. Nd4 Nc4 30. Qc6 Qxc6+ 31. Nxc6 Rb6 32. Nd4 Nxa3 33. Nc5 Rf7 34. Ra1 Nc4 35. Ra8+ Rf8 36. Rxf8+ Bxf8 37. Nxf5 Nd6 38. Nd4 Nb7 39. Nd7 Rd6 40. Nxf8 Kxf8 41. Rc1 c6 42. Rxc6 Rxc6 43. Nxc6 Nd6 44. Nd4 Ke7 45. f4 Nc4 46. Kf3 Nb6 47. e4 Nc4 48. Ke2 Na3 49. e5 h5 50. Kd3 g6 51. h3 Kf7 52. Ke4 Ke7 53. g4 h4 54. f5 gxf5+ 55. gxf5 Kd7 56. f6 1-0

[Event "ESP-chT 2nd Division 2019"]
[Site "Linares"]
[Date "2019.08.22"]
[Round "5.17"]
[White "Garcia Molla, Victor"]
[Black "Carrasco Martinez, Juan M."]
[Result "1/2-1/2"]
[ECO "A05"]
[WhiteElo "2408"]
[BlackElo "2374"]
[Annotator "NA"]
[PlyCount "64"]
[EventDate "2019.08.19"]
[EventType "team-tourn"]
[EventCountry "ESP"]
[SourceTitle "playchess.com"]
[Source "ChessBase"]
[SourceQuality "1"]
[TimeControl "5400+30"]

1. Nf3 Nf6 2. c4 c5 3. Nc3 d6 4. d4 cxd4 5. Nxd4 b6 6. e4 Bb7 7. Bd3 g6 8. O-O Bg7 9. Re1 O-O 10. Bg5 Nbd7 11. Qd2 a6 12. Bf1 Rc8 13. Rac1 Nc5 14. f3 Re8 15. Rcd1 Ncd7 16. Nc2 Qc7 17. Kh1 Ne5 18. Ne3 Qc5 19. Bh4 Bh6 20. Bxf6 exf6 21. Qd4 f5 22. Qxc5 bxc5 23. Ned5 Re6 24. exf5 gxf5 25. f4 Ng4 26. Rxe6 fxe6 27. Ne7+ Kf8 28. Nxc8 Nf2+ 29. Kg1 Nxd1 30. Nxd6 Bxf4 31. Nxb7 Be3+ 32. Kh1 Nf2+ 1/2-1/2

[Event "ESP-chT 2nd Division 2019"]
[Site "Linares"]
[Date "2019.08.22"]
[Round "5.18"]
[White "Figuero Toro, Julian Francisco"]
[Black "Barbera Estelles, Rosendo"]
[Result "1-0"]
[ECO "D07"]
[WhiteElo "2268"]
[BlackElo "2176"]
[Annotator "ChessBase"]
[PlyCount "113"]
[EventDate "2019.08.19"]
[EventType "team-tourn"]
[EventCountry "ESP"]
[SourceTitle "playchess.com"]
[Source "ChessBase"]
[SourceQuality "1"]
[TimeControl "5400+30"]

1. d4 d5 2. c4 Nc6 3. cxd5 Qxd5 4. Nf3 e5 5. Nc3 Bb4 6. a3 Bxc3+ 7. bxc3 Bg4 8. Nxe5 Nxe5 9. dxe5 Qxe5 10. Qd4 Qxd4 11. cxd4 O-O-O 12. Bb2 f5 13. e3 Ne7 14. Bd3 Bh5 15. f3 Rhe8 16. Kf2 Bg6 17. Rhe1 Nd5 18. g3 Re6 19. Re2 Rde8 20. Rae1 Kd7 21. Bb5+ c6 22. Bd3 b5 23. Bc1 Kc7 24. Rb2 a6 25. Bd2 Kb6 26. a4 R8e7 27. h4 h5 28. Bf1 Rd6 29. Bd3 Rde6 30. Bc4 Rd6 31. Rc1 Bf7 32. Bf1 Rde6 33. Re1 Re8 34. Bh3 Rf6 35. Kg1 Bg6 36. Ra2 Rd6 37. Kf2 Kb7 38. Rb2 Nb6 39. axb5 axb5 40. Rc1 Ra8 41. Bb4 Rdd8 42. Re1 Ra4 43. Bc5 Nc4 44. Rbe2 Rda8 45. e4 fxe4 46. fxe4 Ra2 47. Kf3 Nd2+ 48. Kf4 Re8 49. e5 Bd3 50. Rf2 Bc4 51. e6 Nb1 52. Rxa2 Bxa2 53. Bb4 c5 54. dxc5 Kc6 55. Ke5 Re7 56. Bg2+ Kc7 57. Bd5 1-0